 Dungeon Crawl Stone Soup version 0.16.1 (webtiles) character file.

2402 Sixotanaka the Destroyer (level 9, -1/45 HPs)
             Began as a Deep Elf Fire Elementalist on Mar 27, 2015.
             Was a Follower of Vehumet.
             Killed from afar by a wight (20 damage)
             ... with a wand of draining
             ... on level 7 of the Dungeon.
             The game lasted 00:29:53 (7570 turns).

Sixotanaka the Destroyer (DEFE)                     Turns: 7570, Time: 00:29:53

Health: -1/45      AC:  7    Str:  7    XL:     9   Next: 23%
Magic:  18/28      EV: 12    Int: 21    God:    Vehumet [*.....]
Gold:   340        SH:  0    Dex: 15    Spells: 6 memorised, 6 levels left

rFire  . . .     SeeInvis +     z - +2 spear (freeze)
rCold  . . .     Clarity  .     a - +0 robe
rNeg   . . .     SustAb   .     (no shield)
rPois  +         Gourm    .     C - +0 helmet
rElec  .         Spirit   .     (no cloak)
rCorr  .         Warding  .     (no gloves)
rMut   .         Stasis   +     (no boots)
MR     .....                    w - amulet of stasis
Stlth  ++........               (no ring)
                                v - ring of poison resistance

@: heavily drained, not resistant to hostile enchantments, unstealthy
A: rough black scales 1, see invisible
a: Renounce Religion


You were on level 7 of the Dungeon.
You worshipped Vehumet.
Vehumet was aware of your devotion.
You were not hungry.

You visited 2 branches of the dungeon, and saw 8 of its levels.

You collected 340 gold pieces.


Innate Abilities, Weirdness & Mutations

You are partially covered in rough black scales (AC +4, Dex -1).
You have supernaturally acute eyesight.


   Skills:
 - Level 2.4(0.9) Dodging
 - Level 2.4(0.9) Stealth
 + Level 8.1(6.4) Spellcasting
 + Level 10.7(8.9) Conjurations
 - Level 6.1(4.5) Fire Magic


You had 6 spell levels left.
You knew the following spells:

 Your Spells              Type           Power        Failure   Level  Hunger
c - Fireball              Conj/Fire      #####.....   21%         5    #####..
u - Sticky Flame          Conj/Fire      #####...     8%          4    ###....
v - Stone Arrow           Conj/Erth      ####..       4%          3    #......
x - Throw Flame           Conj/Fire      #####.       1%          2    None
y - Conjure Flame         Conj/Fire      #####...     1%          3    #......
z - Flame Tongue          Conj/Fire      #####        1%          1    None


Dungeon Overview and Level Annotations

Branches:
Dungeon (7/15)             Temple (1/1) D:5

Altars:
Elyvilon
Gozag
Kikubaaqudgha
Makhleb
Nemelex Xobeh
Sif Muna
Vehumet
Xom
The Shining One

Shops:
D:6 [

Annotations:
D:4 Fiveotanaka's ghost, average GrFi
D:5 exclusion: crimson imp

Inventory:

Hand weapons
 z - a +2 spear of freezing (weapon)
   (You took it off a gnoll sergeant on level 5 of the Dungeon)
Missiles
 q - 20 poisoned needles
 B - 30 stones (quivered)
Armour
 a - a +0 robe (worn)
 C - a +0 helmet (worn)
Jewellery
 v - a ring of poison resistance (left hand)
 w - an amulet of stasis (around neck)
Scrolls
 g - a scroll of fog {unknown}
 i - a scroll of blinking {unknown}
 j - 2 scrolls of remove curse {@r2}
 l - a scroll of random uselessness {unknown}
 m - a scroll of fear {unknown}
 o - 4 scrolls of enchant armour
 p - 3 scrolls of amnesia
 u - a scroll of magic mapping {unknown}
 y - a scroll of enchant weapon {unknown}
Potions
 e - 2 potions of curing {@q1}
 f - a potion of mutation {unknown}
 h - 2 potions of restore abilities {unknown}
 k - 2 potions of might {unknown}
 r - a potion of poison {unknown}
 s - 2 potions of agility
 t - 2 potions of resistance {unknown}
Books
 b - a book of Flames
 A - a Fen Folio
Comestibles
 c - 5 bread rations
 d - 4 fruits
 x - 2 meat rations

..######### ..........#
..........# ..........#
..........# ..........#
. ..........# ...
..........#########.z..#
................@..)...#
#####.##'###########...#
#.##.# # #.##.# #.##.#
#.##.# #.##.# #.##.#
#.##.#


You could see a wight.


Message History

Some of the chunks of flesh in your inventory have rotted away.
Found a ring mail.
You see here a ring mail.
Found 19 gold pieces.
You found an alarm trap!
You now have 340 gold pieces (gained 19).
A giant frog comes into view.
A giant frog is nearby!
The puff of flame misses the giant frog.
A water moccasin comes into view.
The puff of flame hits the giant frog.
The water moccasin hisses angrily.
The flame tongue hits the giant frog.
The flame tongue misses the giant frog.
The giant frog barely misses you.
The sticky flame hits the giant frog.
The giant frog is covered in liquid flames!
The giant frog burns!
You kill the giant frog!
Vehumet accepts your kill. The water moccasin closely misses you.
The sticky flame hits the water moccasin.
The water moccasin is covered in liquid flames!
The water moccasin burns!
The water moccasin bites you but does no damage.
The water moccasin burns!
The water moccasin burns!
The water moccasin barely misses you.
An adder comes into view.
The water moccasin burns!
The water moccasin burns!
The water moccasin burns!
You kill the water moccasin!
Vehumet accepts your kill.
Your Spellcasting skill increases to level 8!
The puff of flame hits the adder.
The flame tongue hits the adder.
The flame tongue misses the adder.
The flame tongue hits the adder.
You kill the adder!
Vehumet accepts your kill.
You start resting.
Eating one of 2 chunks of flesh.
You continue eating. x2
You open the door.
There is an open door here.
A wight comes into view. It is wielding a long sword.
A wight is nearby!
You don't know that spell.
The puff of flame hits the wight.
The flame tongue hits the wight.
The flame tongue hits the wight.
You destroy the wight!
Vehumet accepts your kill.
All of the chunks of flesh in your inventory have rotted away.
You start resting.
A wight comes into view. It is wielding a spear.
A wight is nearby!
The flame tongue hits the wight.
The wight zaps a wand.
The bolt of negative energy misses you.
It is a wand of draining.
The flame tongue misses the wight.
The wight zaps a wand.
The bolt of negative energy hits you!
You feel drained.
The flame tongue hits the wight.
The wight appears unharmed.
The wight zaps a wand.
The bolt of negative energy hits you!
You feel drained.
* * * LOW HITPOINT WARNING * * *
The fireball explodes!
The fireball engulfs the wight.
The wight zaps a wand.
The bolt of negative energy hits you!
You feel drained.
You die...

Action                   |  1- 3 |  4- 6 |  7- 9 || total
-------------------------+-------+-------+-------++-------
Melee: Short sword       |       |     1 |       ||     1
       Spear             |       |       |    49 ||    49
Throw: Stone             |       |       |     1 ||     1
 Cast: Flame Tongue      |    67 |    82 |   183 ||   332
       Throw Flame       |    19 |    27 |    46 ||    92
       Conjure Flame     |     1 |     5 |    12 ||    18
       Fireball          |       |       |     3 ||     3
       Sticky Flame      |       |       |     2 ||     2
  Use: Scroll            |       |     4 |     2 ||     6
       Potion            |       |     1 |     2 ||     3
 Stab: Sleeping          |       |     1 |       ||     1
       Distracted        |       |       |     1 ||     1
  Eat: Chunk             |     3 |     7 |    10 ||    20
       Pizza             |       |     1 |     1 ||     2
       Royal jelly       |       |       |     1 ||     1

Vault maps used:
D:1:      mrwooster_arrival_statue_2
D:2:      amethyst_overflow_temple_binary
D:3:      first_bread, minmay_misc_feat_secret_circle, minmay_tree_intersection
D:4:      gammafunk_temple_overflow_wave
D:5:      kennysheep_big_flooded_room, grunt_temple_overflow_champion_of_chaos,
          minmay_temple_entry_junction, lightli_minifort
D:6:      serial_shops, shop_fountains, minmay_misc_feat_ornament,
          nicolae_tso_swordbearing_angel
D:7:      tgw_sif, uniq_duvessa, uniq_sigmund
Temple:   circular_temple_12

Notes
Turn   | Place    | Note
--------------------------------------------------------------
     0 | D:1      | Sixotanaka, the Deep Elf Fire Elementalist, began the quest for the Orb.
     0 | D:1      | Reached XP level 1. HP: 10/10 MP: 5/5
    89 | D:1      | Reached skill level 2 in Conjurations
   152 | D:1      | Reached XP level 2. HP: 15/15 MP: 1/8
   477 | D:1      | Reached skill level 3 in Conjurations
   493 | D:1      | Learned a level 2 spell: Throw Flame
   783 | D:2      | Reached XP level 3. HP: 19/19 MP: 5/10
  1198 | D:2      | Found a white marble altar of Elyvilon.
  1198 | D:2      | Found a glowing golden altar of the Shining One.
  1393 | D:2      | Reached skill level 4 in Conjurations
  1503 | D:2      | Learned a level 3 spell: Conjure Flame
  1829 | D:3      | Noticed an ice beast
  1859 | D:3      | Killed an ice beast
  1859 | D:3      | Reached skill level 4 in Fire Magic
  1859 | D:3      | Reached XP level 4. HP: 24/24 MP: 0/13
  1859 | D:3      | Reached XP level 5. HP: 28/28 MP: 0/16
  1990 | D:3      | Noticed a scorpion
  2007 | D:3      | Killed a scorpion
  2007 | D:3      | Reached skill level 5 in Fire Magic
  2514 | D:3      | Learned a level 4 spell: Sticky Flame
  2768 | D:4      | Reached skill level 6 in Fire Magic
  2956 | D:4      | Reached XP level 6. HP: 30/32 MP: 2/18
  2987 | D:4      | Noticed Fiveotanaka's ghost (average GrFi)
  3372 | D:4      | Reached skill level 5 in Conjurations
  3384 | D:4      | HP: 5/32 [worker ant (7)]
  3770 | D:5      | Entered Level 5 of the Dungeon
  3816 | D:5      | Got a warped falchion
  3828 | D:5      | Identified the +7 falchion of Shes {distort, rF+} (You found it on level 5 of the Dungeon)
  3946 | D:5      | Reached skill level 6 in Conjurations
  3976 | D:5      | Reached XP level 7. HP: 36/36 MP: 14/20
  4373 | D:5      | Reached skill level 7 in Conjurations
  4740 | D:5      | Reached skill level 8 in Conjurations
  4932 | D:5      | Reached XP level 8. HP: 41/41 MP: 14/21
  4994 | D:5      | Found a staircase to the Ecumenical Temple.
  5027 | D:5      | Found a burning altar of Makhleb.
  5027 | D:5      | Found a shimmering altar of Xom.
  5068 | Temple   | Entered the Ecumenical Temple
  5077 | Temple   | Became a worshipper of Vehumet
  5183 | D:5      | Reached skill level 9 in Conjurations
  5391 | D:6      | Learned a level 3 spell: Stone Arrow
  5882 | D:6      | Reached skill level 4 in Spellcasting
  5921 | D:6      | Gained mutation: You have supernaturally acute eyesight. [potion of beneficial mutation]
  5922 | D:6      | Gained mutation: You are partially covered in rough black scales (AC +4, Dex -1). [potion of beneficial mutation]
  6008 | D:6      | Reached skill level 5 in Spellcasting
  6416 | D:6      | Found a glowing golden altar of the Shining One.
  6503 | D:6      | Found Millod's Armour Shoppe.
  6541 | D:6      | Reached skill level 10 in Conjurations
  6676 | D:7      | Reached skill level 6 in Spellcasting
  6858 | D:7      | Learned a level 5 spell: Fireball
  6866 | D:7      | Found a deep blue altar of Sif Muna.
  6909 | D:7      | Acquired Vehumet's first power
  6909 | D:7      | Offered knowledge of Sting by Vehumet.
  6913 | D:7      | Reached skill level 7 in Spellcasting
  6913 | D:7      | Reached XP level 9. HP: 45/45 MP: 6/27
  7079 | D:7      | Noticed Duvessa
  7080 | D:7      | Noticed Dowan
  7093 | D:7      | Killed Dowan
  7094 | D:7      | Killed Duvessa
  7456 | D:7      | Reached skill level 8 in Spellcasting
  7570 | D:7      | Killed from afar by a wight

Vanquished Creatures
  A water moccasin (D:7)
  A sky beast (D:7)
  An orc warrior (D:7)
  A phantom (D:5)
  5 ice beasts
  2 centaurs (D:6)
  Duvessa (D:7)
  2 giant frogs
  A gnoll sergeant (D:5)
  3 scorpions
  A wight (D:7)
  2 orc priests (D:7)
  Dowan (D:7)
  3 crimson imps
  4 hounds
  3 iguanas
  6 orc wizards
  2 worker ants (D:4)
  12 gnolls
  9 adders
  2 giant mites
  2 worms
  An adder skeleton (D:6)
  3 giant geckos
  3 oozes
  13 orcs
  15 bats
  A bat skeleton (D:4)
  A bat zombie (D:6)
  5 giant cockroaches
  4 goblins
  11 hobgoblins
  3 jackals (D:4)
  2 quokkas (D:5)
  A ball python (D:5)
  A giant newt (D:2)
  3 giant spores (D:6)
  2 jackal skeletons (D:5)
  13 kobolds
  15 rats
  4 ballistomycetes (D:6)
166 creatures vanquished.
